 Dungeon Crawl Stone Soup version 0.31.0-12-g77e489cdc1 (webtiles) character file.

Game seed: 17191392387060677479

147 Peloso the Covered (level 5, -1/46 HPs)
             Began as a Minotaur Fighter on Mar 2, 2024.
             Slain by a gnoll
             ... wielding a +0 club
              (6 damage)
             ... on level 3 of the Dungeon.
             The game lasted 00:03:18 (2403 turns).

Peloso the Covered (Minotaur Fighter)               Turns: 2403, Time: 00:03:19

Health: -1/46      AC:  7    Str: 21    XL:     5   Next: 7%
Magic:  4/4        EV:  9    Int:  5    God:
Gold:   97         SH:  4    Dex: 11    Spells: 4/4 levels left

rFire   . . .        a - +0 long sword
rCold   . . .        d - +0 buckler
rNeg    . . .        b - +0 scale mail
rPois   .            c - +0 hat
rElec   .            (no cloak)
rCorr   .            (no gloves)
SInv    .            (no boots)
Will    .....        (no amulet) Stlth
                     (no ring)
HPRegen 0.27/turn    (no ring)
MPRegen 0.09/turn

%: no passive effects
@: no status effects
A: horns 2, retaliatory headbutt
a: no special abilities


You were on level 3 of the Dungeon.
You visited 1 branch of the dungeon, and saw 3 of its levels.

You collected 97 gold pieces.

Inventory:

Hand Weapons
 a - a +0 long sword (weapon)
Missiles
 h - 2 throwing nets (quivered)
Armour
 b - a +0 scale mail (worn)
 c - a +0 hat (worn)
 d - a +0 buckler (worn)
Jewellery
 g - a +6 ring of strength
Scrolls
 e - a scroll of poison {unknown}
 i - a scroll of teleportation
 j - a scroll of enchant armour {unknown}
Potions
 f - a potion of might


   Skills:
 + Level 4.2 Fighting
 + Level 4.1 Long Blades
 + Level 5.0 Armour
 + Level 4.3 Shields


You had 4 spell levels left.
You didn't know any spells.
Your spell library was empty.

Dungeon Overview and Level Annotations

Branches:
Dungeon (3/15)

Altars:
The Shining One


Innate Abilities, Weirdness & Mutations

You have a pair of horns on your head.
You reflexively headbutt those who attack you in melee.


Message History

A gnoll comes into view. It is wielding a +0 flail.
The gnoll shouts!
The gnoll moves out of view.
A gnoll comes into view. It is wielding a +0 flail.
A gnoll is nearby!
A gnoll is nearby!
The gnoll shouts!
You hear a shout!
A gnoll comes into view. It is wielding a +0 halberd.
A gnoll comes into view. It is wielding a +0 club.
An adder comes into view.
The adder hisses angrily.
The adder bites you but does no damage. You block the adder's attack.
The gnoll hits you with a +0 flail! The adder bites you but does no damage.
You slash the gnoll!
The gnoll is almost dead.
The adder barely misses you. The gnoll hits you with a +0 flail.
You block the adder's attack.
You hit the gnoll but do no damage.
The gnoll is almost dead.
The gnoll hits you with a +0 flail. You block the adder's attack.
The gnoll closely misses you.
You slash the gnoll!
You kill the gnoll!
You block the adder's attack. x2
Unknown command.
You miss the adder. The gnoll hits you with a +0 club!
The adder bites you but does no damage. The gnoll barely misses you. x2
Unknown command.
You slash the adder!
The adder is almost dead.
The adder bites you but does no damage.
The gnoll hits you from afar with a +0 halberd!
The adder bites you but does no damage. The gnoll hits you with a +0 club.
* * * LOW HITPOINT WARNING * * *
You slash the adder!
You kill the adder!
The gnoll hits you from afar with a +0 halberd!
* * * LOW HITPOINT WARNING * * *
The gnoll hits you with a +0 club.
You die...

#.#.$ #.#$. ###.#..
#...#.. #.#.###
####.#.... #.........
...########## #.........
........@gg.####.........
.......†##g..............
........##....##.........
.........###†...........#
............#...........#
.........##.##(.........#
.........##. ##.......#)#
............ .....###...#
.#..........#..


You could see 3 gnolls.

Vanquished Creatures
  6 gnolls
  2 adders
  A dart slug (D:1)
  3 ribbon worms (D:3)
  6 ball pythons
  6 bats
  5 endoplasms
  3 giant cockroaches
  4 hobgoblins
  7 jackals
  10 kobolds
  2 quokkas
  3 frilled lizards
  6 goblins
  5 rats
69 creatures vanquished.

Notes
Turn   | Place    | Note
-------+----------+-------------------------------------------
     0 | D:1      | Peloso the Minotaur Fighter began the quest for the Orb.
     0 | D:1      | Reached XP level 1. HP: 19/19 MP: 0/0
    29 | D:1      | Reached XP level 2. HP: 11/27 MP: 1/1
   146 | D:1      | Reached skill level 4 in Armour
   495 | D:1      | Reached XP level 3. HP: 33/33 MP: 2/2
  1201 | D:1      | Found a faded altar of an unknown god.
  1691 | D:2      | Reached XP level 4. HP: 36/40 MP: 3/3
  1701 | D:2      | Reached skill level 5 in Armour
  2344 | D:3      | Reached XP level 5. HP: 41/46 MP: 4/4
  2365 | D:3      | Found a glowing golden altar of the Shining One.
  2403 | D:3      | Slain by a gnoll

Illustrated notes

Levels and vault maps discovered:
D:1:      eino_arrival_cavern_c, layout_basic, chequers_ecumenical_altar_twisty,
          serial_forest, infiniplex_forest_lined_ring,
          infiniplex_forest_zigzag_1, infiniplex_forest_clump_C,
          infiniplex_forest_lined_3, infiniplex_forest_end_3, minmay_ruptured
D:2:      layout_basic, lexackson_kobold_supper
D:3:      layout_rooms, amcnicky_altar_gilded, fedhas_altar_2, marbit_many_paths

Skill      XL: |  1  2  3  4 |
---------------+-------------+-----
Fighting       | 4 |  4.2
Armour         | 4 5 |  5.0
Shields        | 4 |  4.3
Long Blades    | 3 4 |  4.1

Action                     |  1- 3 |  4- 6 || total
---------------------------+-------+-------++-------
  Melee: Long sword        |    94 |    67 ||   161
         Headbutt          |    15 |     5 ||    20
    Use: Scroll            |       |     2 ||     2
         Potion            |       |     1 ||     1
 Armour: Scale mail        |    89 |    49 ||   138
  Dodge: Dodged            |    48 |    24 ||    72
  Block: Buckler           |    25 |    13 ||    38
